 Dungeon Crawl Stone Soup version 0.26-a0-651-gb41185065b (webtiles) character file.

Game seed: 11893513707735833208

371 Apogee the Skirmisher (level 6, -1/48 HPs)
             Began as a Demonspawn Berserker on Oct 13, 2020.
             Was a Priest of Trog.
             Slain by an ogre
             ... wielding a +0 giant club
              (13 damage)
             ... on level 5 of the Dungeon.
             The game lasted 00:06:02 (5452 turns).

Apogee the Skirmisher (Demonspawn Berserker)        Turns: 5452, Time: 00:06:03

Health: -1/48      AC: 13    Str: 20    XL:     6   Next: 42%
Magic:  6/6        EV:  9    Int: 10    God:    Trog [***...]
Gold:   209        SH:  0    Dex: 12    Spells: 5/5 levels left

rFire    . . .     SeeInvis .     - Unarmed
rCold    . . .     Faith    .   (no shield)
rNeg     . . .     Spirit   .   u - +0 chain mail
rPois    .         Reflect  .   j - +1 hat
rElec    .         Harm     .   z - +2 cloak
rCorr    .         Rampage  .   (no gloves)
MR       .....                  (no boots)
Stlth    ..........             e - amulet of magic regeneration
HPRegen  0.16/turn              q - ring of attention (curse)
MPRegen  0.35/turn              (no ring)

@: mighty, berserk cooldown, stab, flying, slowed, very slow
A: claws 1, big brain 1
a: Berserk, Trog's Hand, Renounce Religion


You were on level 5 of the Dungeon.
You worshipped Trog.
Trog was most pleased with you.
You visited 1 branch of the dungeon, and saw 5 of its levels.

You collected 209 gold pieces.

Inventory:

Hand Weapons
 a - a +0 mace
Missiles
 g - 180 stones (quivered)
Armour
 j - a +1 hat (worn)
   (You found it on level 2 of the Dungeon)
 u - a +0 chain mail (worn)
   (You found it on level 3 of the Dungeon)
 z - a +2 cloak (worn)
   (You found it on level 4 of the Dungeon)
Jewellery
 e - an amulet of magic regeneration (around neck)
   (You found it on level 1 of the Dungeon)
 q - a cursed ring of attention (left claw)
   (You found it on level 2 of the Dungeon)
 w - an uncursed amulet of reflection {unknown}
   (You found it on level 4 of the Dungeon)
Wands
 x - a wand of acid (5)
   (You found it on level 4 of the Dungeon)
Scrolls
 d - 4 scrolls of remove curse {unknown}
 k - a scroll of enchant armour {unknown}
 m - a scroll of fear {unknown}
 n - a scroll of noise {unknown}
 o - 4 scrolls of identify {unknown}
 s - 2 scrolls of blinking {unknown}
 v - 2 scrolls of teleportation {unknown}
 y - a scroll of magic mapping {unknown}
Potions
 b - a potion of lignification {unknown}
 c - a potion of brilliance {unknown}
 f - a potion of mutation {unknown}
 h - a potion of degeneration {unknown}
 r - 2 potions of might
 t - 2 potions of curing {unknown}


   Skills:
 + Level 4.1 Fighting
 - Level 3.6 Maces & Flails
 + Level 3.2 Armour
 + Level 3.1 Dodging
 * Level 2.6 Unarmed Combat


You had 5 spell levels left.
You didn't know any spells.
Your spell library contained the following spells:

 Spells                   Type           Power        Failure   Level
 Beastly Appendage        Tmut           #.....       98%         1
 Wereblood                Tmut           #.......     99%         2
 Spider Form              Tmut/Pois      #.........   100%        3
 Ice Form                 Ice/Tmut       #.......     100%        4
 Blade Hands              Tmut           #.........   100%        5


Dungeon Overview and Level Annotations

Branches:
Dungeon (5/15)
 Temple: D:4-7

Altars:
Elyvilon

Annotations:
D:3 1 transporter, Apogee's ghost, amateur DENe


Innate Abilities, Weirdness & Mutations

You have sharp fingernails.
You have an unusually large brain. (Int +2)


Message History

You barely miss the howler monkey.
The howler monkey completely misses you.
The howler monkey barely misses you.
You scratch the howler monkey.
The howler monkey hits you but does no damage.
You scratch the howler monkey. The howler monkey barely misses you.
You barely miss the howler monkey. The white imp gestures at you.
The puff of frost hits you. The howler monkey hits you.
* * * LOW HITPOINT WARNING * * *
You are too injured to fight recklessly!
A red film seems to cover your vision as you go berserk!
You feel yourself moving faster!
You feel mighty! The howler monkey hits you.
* * * LOW HITPOINT WARNING * * *
The white imp barely misses you.
You claw the white imp! The howler monkey barely misses you.
The white imp barely misses you.
You claw the white imp!
You kill the white imp!
Trog accepts your kill.
The howler monkey hits you but does no damage.
You claw the howler monkey!
You kill the howler monkey!
Trog accepts your kill.
You see here a howler monkey corpse.
You feel a strong urge to attack something.
You start resting.
You feel your anger nearly subside.
You are no longer berserk.
You are exhausted.
You feel yourself slow down.
You start resting.
An ogre comes into view. It is wielding a +0 giant club.
Okay, then.
Okay, then.
It was a potion of stabbing.
You feel ready to backstab. The ogre barely misses you.
It was a potion of berserk rage.
You're still recovering from your berserk rage.
The ogre misses you.
You barely miss the ogre. The ogre hits you with a +0 giant club!
* * * LOW HITPOINT WARNING * * *
It was a potion of flight.
You feel very buoyant.
You fly up into the air.
The ogre hits you but does no damage.
It was a potion of might.
You feel very mighty all of a sudden. The ogre barely misses you.
You barely miss the ogre. The ogre hits you with a +0 giant club!
You die...

#...........
#.#####...........
#.................
#.#####.#......... #.#
#.#..##.....
#.#####.#.........
#.##..............
#.##.##...........
#@.#.##.........#.
##O#.##..#.##.....
#...##..#... ....
......................
#...###..##..#.##. #.#
#... ..#. # ##..# ....
...#.


You could see an ogre.

Vanquished Creatures
  2 scorpions (D:4)
  A howler monkey (D:5)
  A worker ant (D:4)
  5 adders
  6 gnolls (D:4)
  2 white imps (D:5)
  An ooze (D:1)
  An adder skeleton (D:4)
  A worm (D:2)
  2 dart slugs (D:2)
  5 leopard geckos
  2 giant cockroaches (D:4)
  6 goblins
  4 hobgoblins
  7 jackals
  4 quokkas
  16 bats
  7 frilled lizards
  5 kobolds
  2 leopard gecko skeletons
  8 rats
88 creatures vanquished.

Notes
Turn   | Place    | Note
-------+----------+-------------------------------------------
     0 | D:1      | Apogee the Demonspawn Berserker began the quest for the
                  | Orb.
     0 | D:1      | Reached XP level 1. HP: 18/18 MP: 1/1
   221 | D:1      | Gained mutation: You have sharp fingernails. [demonic
                  | ancestry]
   221 | D:1      | Reached XP level 2. HP: 18/24 MP: 2/2
   929 | D:1      | Reached XP level 3. HP: 29/29 MP: 3/3
  1501 | D:2      | Reached ** piety under Trog
  2255 | D:3      | Reached XP level 4. HP: 34/35 MP: 4/4
  2482 | D:3      | Found a transporter.
  2483 | D:3      | Noticed Apogee's ghost (amateur DENe)
  2483 | D:3      | Noticed an ogre
  2485 | D:3      | Noticed an ogre
  3666 | D:4      | Reached skill level 1 in Unarmed Combat
  3666 | D:4      | Reached XP level 5. HP: 42/42 MP: 5/5
  4445 | D:4      | Found a white marble altar of Elyvilon.
  4472 | D:4      | Reached skill level 4 in Fighting
  4472 | D:4      | Gained mutation: You have an unusually large brain. (Int
                  | +2) [demonic ancestry]
  4472 | D:4      | Reached XP level 6. HP: 48/48 MP: 6/6
  4588 | D:4      | Reached *** piety under Trog
  5221 | D:5      | Entered Level 5 of the Dungeon
  5452 | D:5      | Slain by an ogre

Illustrated notes

Levels and vault maps discovered:
D:1:      giann_bridges, layout_basic
D:2:      layout_loops_cross, kennysheep_path_1
D:3:      layout_loops_corners, gammafunk_ghost_smash
D:4:      layout_basic, elyvilon_altar_3, serial_bayou_crossing
D:5:      layout_basic, minmay_manual_monstrance, uniq_grinder

Skill      XL: |  1  2  3  4  5  6 |
---------------+-------------------+-----
Dodging        | 2 3 |  3.1
Maces & Flails | 3 |  3.6
Armour         | 2 3 |  3.2
Unarmed Combat | 1 2 |  2.6
Fighting       | 4 |  4.1

Action                   |  1- 3 |  4- 6 || total
-------------------------+-------+-------++-------
Melee: Mace              |   146 |    22 ||   168
       Unarmed           |       |   181 ||   181
Invok: Berserk           |     3 |     6 ||     9
  Use: Potion            |       |     4 ||     4
 Stab: Sleeping          |     3 |       ||     3
Armor: Animal skin       |    32 |       ||    32
       Scale mail        |    18 |    40 ||    58
       Ring mail         |     9 |       ||     9
       Chain mail        |       |    47 ||    47
Dodge: Dodged            |    95 |   113 ||   208

Table legend: (Time is in decaauts)
 A = Elapsed time spent in this place.
 B = Non-inter-level travel time spent in this place.
 C = Inter-level travel time spent in this place.
 D = Time resting spent in this place.
 E = Time spent auto-exploring this place.
 F = Levels seen in this place.
 G = Mean time per level.
                   A        B        C        D        E       F      G
               +--------+--------+--------+--------+--------+-----+--------+
         Total |   5585 |   5377 |    208 |    960 |   3630 |   5 | 1117.0 |
       Dungeon |   5585 |   5377 |    208 |    960 |   3630 |   5 | 1117.0 |
               +--------+--------+--------+--------+--------+-----+--------+

Top non-repeatable levels by time:
     D:4: 1636 daAuts
     D:3: 1452 daAuts
     D:1: 1254 daAuts
     D:2: 1011 daAuts
     D:5: 231 daAuts
